 Dungeon Crawl Stone Soup version 0.21.1-1-g345015f (webtiles) character file.

661 Lilu the Conjurer (level 7, -1/36 HPs)
             Began as a Deep Elf Conjurer on July 21, 2018.
             Was an Initiate of Ru.
             Succumbed to Duvessa's poison
             ... on level 4 of the Dungeon.
             The game lasted 00:45:19 (4320 turns).

Lilu the Conjurer (Deep Elf Conjurer)               Turns: 4320, Time: 00:45:20

Health: -1/36      AC:  6    Str:  5    XL:     7   Next: 30%
Magic:  1/18       EV: 14    Int: 22    God:    Ru [......]
Gold:   148        SH:  0    Dex: 20    Spells: 4/18 levels left

rFire    . . .     SeeInvis .   x - +2 hunting sling (velocity)
rCold    . . .     Gourm    .   (no shield)
rNeg     + . .     Faith    .   f - +2 robe
rPois    .         Spirit   .   o - +0 helmet
rElec    .         Reflect  .   (no cloak)
rCorr    .         Harm     .   a - +0 pair of gloves
MR       .....                  (no boots)
Stlth    ++........             (no amulet)
HPRegen  0.12/turn              e - +5 ring of dexterity
MPRegen  0.16/turn              w - ring of positive energy

@: lethally poisoned (-1 -> -25), very slightly contaminated
A: no striking features
a: Renounce Religion


You were on level 4 of the Dungeon.
You worshipped Ru.
Ru was noncommittal.
You were not hungry.

You visited 1 branch of the dungeon, and saw 4 of its levels.

You collected 148 gold pieces.

Inventory:

Hand Weapons
 x - a +2 hunting sling of velocity (weapon)
 z - a +0 dagger of venom
 D - a +0 hunting sling
 E - a +2 spear of venom
Missiles
 d - 192 stones (quivered)
 i - 38 arrows
 k - 24 poisoned needles
 p - 58 bolts
 v - 8 javelins
 A - 22 sling bullets
 B - 5 tomahawks
Armour
 a - a +0 pair of gloves (worn)
 f - a +2 robe (worn)
 o - a +0 helmet (worn)
 C - a +3 leather armour
Jewellery
 e - a +5 ring of dexterity (left hand)
 w - a ring of positive energy (right hand)
Wands
 u - a wand of flame (31)
 y - a wand of enslavement (11)
Scrolls
 h - a scroll of teleportation
 l - 2 scrolls of identify
 q - 2 scrolls of enchant armour {unknown}
 r - 3 scrolls of remove curse
Potions
 g - a potion of degeneration {unknown}
 j - a potion of cancellation {unknown}
 n - a potion of heal wounds {unknown}
 s - 3 potions of curing
 t - a potion of flight {unknown}
Books
 b - a book of Conjurations

   Spells                             Type                      Level
   a - Magic Dart                     Conjuration                  1
   b - Searing Ray                    Conjuration                  2
   c - Dazzling Spray                 Conjuration/Hexes            3
   d - Fulminant Prism                Conjuration/Hexes            4
   e - Force Lance                    Conjuration/Translocation    4
   f - Iskenderun's Mystic Blast      Conjuration                  4
 F - a book of Frost

   Spells                             Type                      Level
   a - Freeze                         Ice                          1
   b - Throw Frost                    Conjuration/Ice              2
   c - Ozocubu's Armour               Charms/Ice                   3
   d - Throw Icicle                   Conjuration/Ice              4
   e - Summon Ice Beast               Ice/Summoning                4
Comestibles
 c - 3 rations
 m - 2 chunks of flesh


   Skills:
 + Level 0.2 Fighting
 + Level 3.4 Dodging
 - Level 2.4 Stealth
 + Level 6.4 Spellcasting
 + Level 7.4 Conjurations
 * Level 2.6 Hexes
 * Level 1.9 Translocations


You had 4 spell levels left.
You knew the following spells:

 Your Spells              Type           Power        Failure   Level  Hunger
a - Magic Dart            Conj           ####         1%          1    None
b - Iskenderun's Mystic   Conj           #####...     4%          4    ###....
c - Dazzling Spray        Conj/Hex       ####..       3%          3    #......
d - Force Lance           Conj/Tloc      ####....     12%         4    ###....
e - Searing Ray           Conj           #####.       1%          2    None


Dungeon Overview and Level Annotations

Branches:
Dungeon (4/15)
 Temple: D:4-7

Altars:
Ashenzari
Cheibriados
Ru

Annotations:
D:1 1 runed door
D:4 Dowan, Duvessa


Message History

You feel sick.
Duvessa hits you with a short sword of venom.
You feel sick.
You feel sick. Duvessa closely misses you.
You feel sick.
You feel sick.
Duvessa hits you with a short sword of venom!
* * * LOW HITPOINT WARNING * * *
You are more poisoned.
You see here a spear.
Casting: Dazzling Spray
Confirm with . or Enter, or press ? or * to list all spells.
Aiming: Force Lance
Press: ? - help, Shift-Dir - straight line, f/p - Duvessa
Aim: Duvessa, wielding a short sword of venom and wearing a chain mail (moderately wounded, fast, unusually resistant)
The lance of force hits Duvessa.
Duvessa is severely wounded.
Duvessa is knocked back by the lance of force.
Duvessa slams into the rock wall!
You die...

#.# #.# ##'##
#.# #.# #.# #.#
#.## ##.## #.#
#####..#
##.e.#########
#......#
#.............
#.###..#
#.....########
#..# ##...##
#..#######
##.##
#......@e####.#
##.#####......#
...# ########
#####


You could see Duvessa.

Vanquished Creatures
  The ghost of Ymberto the Changer, an amateur NaTm (D:4)
  Sigmund (D:2)
  A hound (D:3)
  An orc priest (D:4)
  An iguana (D:3)
  A worker ant (D:4)
  8 gnolls
  4 adders
  An ooze (D:3)
  A worm (D:3)
  2 dart slugs
  7 orcs
  A giant cockroach (D:4)
  8 goblins
  6 hobgoblins
  4 jackals (D:1)
  11 kobolds
  A ball python (D:3)
  5 bats
  4 frilled lizards
  6 rats
75 creatures vanquished.

Notes
Turn   | Place    | Note
-------+----------+-------------------------------------------
     0 | D:1      | Lilu the Deep Elf Conjurer began the quest for the Orb.
     0 | D:1      | Reached XP level 1. HP: 10/10 MP: 6/6
     0 | D:1      | Noticed a jelly
     1 | D:1      | Found a runed door.
   129 | D:1      | Reached XP level 2. HP: 15/15 MP: 5/8
   241 | D:1      | Reached skill level 5 in Conjurations
   704 | D:2      | Reached XP level 3. HP: 19/19 MP: 4/9
  1423 | D:2      | Reached XP level 4. HP: 24/24 MP: 8/11
  1457 | D:2      | Learned a level 4 spell: Iskenderun's Mystic Blast
  1515 | D:2      | Noticed Sigmund
  1545 | D:2      | Killed Sigmund
  1545 | D:2      | Reached skill level 6 in Conjurations
  1545 | D:2      | Reached XP level 5. HP: 10/28 MP: 2/14
  1756 | D:2      | Learned a level 3 spell: Dazzling Spray
  1761 | D:2      | Learned a level 4 spell: Force Lance
  1772 | D:2      | Reached skill level 5 in Spellcasting
  2413 | D:3      | Reached XP level 6. HP: 32/32 MP: 11/15
  2857 | D:3      | Reached skill level 7 in Conjurations
  2880 | D:3      | Found a sacrificial altar of Ru.
  2888 | D:3      | Found a snail-covered altar of Cheibriados.
  2896 | D:3      | Found a shattered altar of Ashenzari.
  2908 | D:3      | Became a worshipper of Ru the Awakened
  3193 | D:4      | Reached skill level 1 in Hexes
  3449 | D:3      | Reached skill level 1 in Translocations
  3581 | D:4      | Learned a level 2 spell: Searing Ray
  3955 | D:4      | Noticed Ymberto's ghost (amateur NaTm)
  4017 | D:4      | Killed Ymberto's ghost
  4017 | D:4      | Reached XP level 7. HP: 36/36 MP: 0/18
  4281 | D:4      | Noticed Duvessa
  4295 | D:4      | Noticed Dowan
  4319 | D:4      | HP: 1/36 [Duvessa/short sword of venom (9)]
  4320 | D:4      | Succumbed to Duvessa's poison

Skill      XL: |  1  2  3  4  5  6 |
---------------+-------------------+-----
Conjurations   | 5 6 7 |  7.4
Dodging        | 3 |  3.4
Spellcasting   | 4 5 6 |  6.4
Hexes          | 2 |  2.6
Translocations | 1 |  1.9
Fighting       | |  0.2
Stealth        | |  2.4

Action                   |  1- 3 |  4- 6 |  7- 9 || total
-------------------------+-------+-------+-------++-------
 Cast: Magic Dart        |    70 |    46 |     2 ||   118
       Iskenderun's Myst |       |    10 |       ||    10
       Force Lance       |       |    15 |     4 ||    19
       Dazzling Spray    |       |     7 |     1 ||     8
       Searing Ray       |       |     2 |     1 ||     3
  Use: Scroll            |       |     5 |       ||     5
  Eat: Ration            |     1 |     1 |     1 ||     3
       Chunk             |       |     6 |       ||     6
Armor: Robe              |     2 |     8 |       ||    10
Dodge: Dodged            |     6 |    17 |     3 ||    26
